 Dungeon Crawl Stone Soup version 0.22.1-1-ga44c0e56f4 (webtiles) character file.

1012 KleinerIrrer the Grappler (level 8, -2/69 HPs)
             Began as a Naga Fighter on Oct 28, 2018.
             Was a Follower of Cheibriados.
             Slain by a troll (10 damage)
             ... on level 6 of the Dungeon.
             The game lasted 00:10:40 (4194 turns).

KleinerIrrer the Grappler (Naga Fighter)            Turns: 4194, Time: 00:10:41

Health: -2/69      AC: 12    Str: 26    XL:     8   Next: 21%
Magic:  8/8        EV:  6    Int: 13    God:    Cheibriados [*.....]
Gold:   242        SH:  9    Dex: 15    Spells: 7/7 levels left

rFire    . . .     SeeInvis +     - Unarmed
rCold    . . .     Gourm    .   b - +0 shield
rNeg     . . .     Faith    .   f - +0 ring mail
rPois    +         Spirit   .   l - +0 helmet
rElec    .         Reflect  .   (no cloak)
rCorr    +         Harm     .   (no gloves)
MR       +....                  (no barding)
Stlth    +.........             (no amulet)
HPRegen  0.21/turn              o - ring of resist corrosion
MPRegen  0.11/turn              k - +6 ring of protection

@: mighty, very slightly contaminated, invisible, very slow
A: large, see invisible, deformed body, poison resistance, slowness 2, slow
metabolism 1, spit poison 1, AC +2
a: Spit Poison, Bend Time, Renounce Religion


You were on level 6 of the Dungeon.
You worshipped Cheibriados.
Cheibriados was aware of your devotion.
You were not hungry.

You visited 2 branches of the dungeon, and saw 7 of its levels.

You collected 242 gold pieces.

Inventory:

Armour
 a - a +0 scale mail
 b - a +0 shield (worn)
 f - a +0 ring mail (worn)
 l - a +0 helmet (worn)
Jewellery
 e - an uncursed amulet of faith
 g - an uncursed ring of ice
 k - a +6 ring of protection (right hand)
 o - a ring of resist corrosion (left hand)
Wands
 q - a wand of random effects (27)
 s - a wand of flame (20)
Scrolls
 i - a scroll of enchant weapon
 j - 2 scrolls of teleportation
 m - a scroll of amnesia
 n - a scroll of blinking
 p - a scroll of remove curse
 r - 5 scrolls of identify
Potions
 u - a potion of curing
Comestibles
 d - 5 rations


   Skills:
 - Level 3.0 Fighting
 - Level 2.4 Armour
 - Level 2.4 Shields
 + Level 9.5 Unarmed Combat


You had 7 spell levels left.
You didn't know any spells.
Your spell library contained the following spells:

 Spells                   Type           Power        Failure   Level  Hunger
 Magic Dart               Conj           #...         88%         1    ##.....
 Blink                    Tloc           N/A          96%         2    ###....
 Call Imp                 Summ           #.......     96%         2    ###....
 Slow                     Hex            #.......     96%         2    ###....
 Conjure Flame            Conj/Fire      #.......     99%         3    ####...
 Mephitic Cloud           Conj/Pois/Air  #.......     99%         3    ####...


Dungeon Overview and Level Annotations

Branches:
Dungeon (6/15)             Temple (1/1) D:4

Altars:
Ashenzari
Cheibriados
Dithmenos
Elyvilon
Fedhas
Gozag
Hepliaklqana
Kikubaaqudgha
Makhleb
Nemelex Xobeh
Okawaru
Qazlal
Ru
Sif Muna
Trog
Uskayaw
Vehumet
Wu Jian
Xom
Yredelemnul
Zin
The Shining One


Innate Abilities, Weirdness & Mutations

You cannot wear boots.
Your serpentine skin is tough. (AC +2)
You have supernaturally acute eyesight. (SInv)
Armour fits poorly on your strangely shaped body.
Your system is resistant to poisons. (rPois)
You cover ground very slowly.
You have a slow metabolism.
You can spit poison.


Message History

The troll is moderately wounded.
The troll bites you!
The troll claws you but does no damage. x2
You closely miss the troll.
The troll is moderately wounded.
The troll bites you but does no damage. The troll claws you! x2
* * * LOW HITPOINT WARNING * * *
You fade into invisibility!
The hound bites you.
* * * LOW HITPOINT WARNING * * *
The hound bites you but does no damage. The troll closely misses you.
The troll claws you.
* * * LOW HITPOINT WARNING * * *
The troll barely misses you.
You are very lightly contaminated with residual magic.
You closely miss the troll.
The troll is moderately wounded.
You have got your breath back.
The troll looks more healthy.
The hound bites you but does no damage. The troll bites you!
You die...

...#...#.#######..#
. #.....# #... .
#.....## #.#. .
.....#...## #. .
[###.#....## # .
..#.....##
#.....#...##
#.###.#....##.# #
..#.@.....#
#...hT#....#
#(###.#....# #
..#....# .......#
#(###...# #. .## (.


You could see a troll and a hound.

Vanquished Creatures
  2 phantoms
  A centaur (D:5)
  3 crimson imps
  2 hounds (D:4)
  2 bullfrog skeletons (D:5)
  An orc priest (D:5)
  Ijyb (D:4)
  2 iguanas
  A jelly (D:5)
  An orc wizard (D:5)
  5 worker ants
  A hound skeleton (D:4)
  3 hound zombies (D:5)
  4 gnolls (D:3)
  8 adders
  An ooze (D:2)
  2 worms
  2 dart slugs
  A leopard gecko (D:1)
  6 orcs
  5 giant cockroaches
  7 goblins
  A hobgoblin (D:2)
  3 jackals (D:3)
  5 kobolds
  5 quokkas
  A ball python (D:3)
  10 bats
  7 frilled lizards
  A leopard gecko skeleton (D:6)
  A quokka zombie (D:5)
  7 rats
102 creatures vanquished.

Notes
Turn   | Place    | Note
-------+----------+-------------------------------------------
     0 | D:1      | KleinerIrrer the Naga Fighter began the quest for the Orb.
     0 | D:1      | Reached XP level 1. HP: 21/21 MP: 1/1
   209 | D:1      | Reached XP level 2. HP: 22/28 MP: 2/2
   335 | D:1      | Reached skill level 3 in Unarmed Combat
   690 | D:2      | Reached XP level 3. HP: 34/34 MP: 3/3
   773 | D:2      | Reached skill level 4 in Unarmed Combat
   800 | D:2      | Reached XP level 4. HP: 28/42 MP: 4/4
  1601 | D:3      | Reached skill level 5 in Unarmed Combat
  1634 | D:3      | Reached XP level 5. HP: 46/49 MP: 5/5
  2166 | D:4      | Reached skill level 6 in Unarmed Combat
  2247 | D:4      | Noticed Ijyb
  2282 | D:4      | Killed Ijyb
  2282 | D:4      | Reached XP level 6. HP: 54/56 MP: 6/6
  2356 | D:4      | Found a staircase to the Ecumenical Temple.
  2365 | Temple   | Entered the Ecumenical Temple
  2485 | Temple   | Became a worshipper of Cheibriados the Contemplative
  2703 | D:4      | Found a radiant altar of Vehumet.
  3154 | D:5      | Entered Level 5 of the Dungeon
  3154 | D:5      | Noticed a phantom
  3171 | D:5      | Killed a phantom
  3171 | D:5      | Reached skill level 7 in Unarmed Combat
  3193 | D:4      | Reached XP level 7. HP: 40/62 MP: 7/7
  3508 | D:5      | Reached * piety under Cheibriados
  3526 | D:5      | Found a shattered altar of Ashenzari.
  3550 | D:5      | Reached skill level 8 in Unarmed Combat
  3890 | D:5      | Found a sparkling altar of Nemelex Xobeh.
  3898 | D:5      | Found an opulent altar of Gozag.
  3899 | D:5      | Found a hazy altar of Hepliaklqana.
  3900 | D:5      | Found an ornate altar of the Wu Jian Council.
  3903 | D:5      | Found a bloodstained altar of Trog.
  4014 | D:5      | Found a sacrificial altar of Ru.
  4122 | D:5      | Reached skill level 9 in Unarmed Combat
  4122 | D:5      | Reached XP level 8. HP: 67/69 MP: 8/8
  4185 | D:6      | Noticed a troll
  4194 | D:6      | Slain by a troll

Skill      XL: |  1  2  3  4  5  6  7 |
---------------+----------------------+-----
Unarmed Combat | 3 4 5 6 7 9 |  9.5
Fighting       | |  3.0
Armour         | |  2.4
Shields        | |  2.4

Action                   |  1- 3 |  4- 6 |  7- 9 || total
-------------------------+-------+-------+-------++-------
Melee: Unarmed           |   104 |   197 |   105 ||   406
 Abil: Spit Poison       |    20 |    37 |     6 ||    63
  Use: Scroll            |     4 |     3 |     1 ||     8
       Potion            |       |       |     2 ||     2
  Eat: Chunk             |     1 |     7 |     1 ||     9
       Ration            |       |     1 |       ||     1
Armor: Scale mail        |    48 |    86 |     1 ||   135
       Ring mail         |       |       |    44 ||    44
Dodge: Dodged            |    23 |    37 |    24 ||    84
Block: Shield            |    35 |    73 |    55 ||   163
